 Dungeon Crawl Stone Soup version 0.30.0-19-g36f170ea60 (webtiles) character file.

Game seed: 1583310781702211675

20223 suipiss the Arsonist (level 12, -9/130 HPs)
             Began as a Pale Draconian Cinder Acolyte on May 31, 2023.
             Was a Priest of Ignis.
             Mangled by a freezing wraith (18 damage)
             ... in an ice cave.
             The game lasted 00:39:53 (15434 turns).

suipiss the Arsonist (DrCA)                        Turns: 15434, Time: 00:39:54

Health: -9/130     AC: 30    Str: 22    XL:     12   Next: 43%
Magic:  17/24      EV:  2    Int: 24    God:    Ignis [***...]
Gold:   1420       SH:  0    Dex:  7    Spells: 17/27 levels left

rFire   + . .        s - +6 scimitar
rCold   . . .        (no shield)
rNeg    . . .        (body armour unavailable)
rPois   +            (helmet currently unavailable)
rElec   .            f - melded +1 cloak
rCorr   +            c - melded +1 Delatra's gloves {ID++}
SInv    .            (boots currently unavailable)
Will    .....        x - amulet of the acrobat
Stlth   ++           v - ring of Fatwiow {rPois rCorr Str+6 Int+4}
HPRegen 0.41/turn    C - +4 ring of protection
MPRegen 0.19/turn

%: acrobat
@: mighty, tree-form, attractive, slowed, very slow
A: stationary, stasis, torment immunity, boosted hp, (breathe steam), AC +8,
unfitting armour, (cold-blooded), (steam resistance), frail 1, MP-powered wands
a: Renounce Religion, Fiery Armour, Foxfire Swarm, Rising Flame


You were in an ice cave.
You worshipped Ignis.
Ignis was most pleased with you.
You were a tree.
You visited 1 branch of the dungeon, and saw 12 of its levels.
You also visited: Bailey and Ice Cave.

You collected 1420 gold pieces.

Inventory:

Hand Weapons
 a - a -1 falchion of flaming
 k - the +7 dagger "Gaighioh" {drain, Int+3}
   (You took it off a gnoll on level 2 of the Dungeon)

   Int:       It affects your intelligence (+3).
 s - a +6 scimitar (weapon)
 H - a +0 long sword
Missiles
 y - a throwing net (quivered)
Armour
 c - the +1 Delatra's gloves (melded) {ID++}
   (You found it on level 2 of the Dungeon)

   ID++:      It heals its wearer when they drink unknown potions, and restores
   their MP when they read unknown scrolls.
 d - a +0 buckler
 f - a +1 cloak (melded)
Jewellery
 l - a ring of resist corrosion
 n - a +6 ring of dexterity
 v - the ring of Fatwiow (left branch) {rPois rCorr Str+6 Int+4}
   (You found it on level 10 of the Dungeon)

   [ring of strength]

   Str:       It affects your strength (+6).
   Int:       It affects your intelligence (+4).
   rPois:     It protects you from poison.
   rCorr:     It protects you from acid and corrosion.
 x - an amulet of the acrobat (around neck)
 A - a ring of see invisible
 C - a +4 ring of protection (right branch)
 D - the ring of Intercession {rPois rF+ rC- Int+5 Dex+6}
   (You found it on level 7 of the Dungeon)

   [ring of dexterity]

   Int:       It affects your intelligence (+5).
   Dex:       It affects your dexterity (+6).
   rF:        It protects you from fire.
   rC:        It makes you vulnerable to cold.
   rPois:     It protects you from poison.
 F - a ring of fire
Wands
 w - a wand of polymorph (3)
 z - a wand of charming (19)
 B - a wand of light (4)
 E - a wand of flame (15)
 G - a wand of digging (8)
 M - a wand of roots (4)
Scrolls
 b - 17 scrolls of identify
 e - 2 scrolls of immolation
 g - 3 scrolls of silence
 h - a scroll of fog
 j - 5 scrolls of noise
 m - a scroll of vulnerability
 p - 2 scrolls of poison
 t - 2 scrolls of teleportation
Potions
 i - 3 potions of brilliance
 o - a potion of cancellation
 q - a potion of curing
 r - 9 potions of flight
 I - 3 potions of heal wounds
Miscellaneous
 u - a piece from Xom's chessboard (15/15)


   Skills:
 + Level 6.5 Fighting
 * Level 9.9 Long Blades
 + Level 5.3 Dodging
 + Level 3.4 Stealth
 + Level 8.4 Spellcasting
 * Level 7.7 Conjurations
 * Level 12.9 Fire Magic
 + Level 1.3 Evocations


You had 17 spell levels left.
You knew the following spells:

 Your Spells              Type           Power      Damage    Failure   Level
a - Scorch                Fire           100%       2d9       1%          2
b - Flame Wave            Conj/Fire      56%        2d13      1%          4
c - Sticky Flame          Conj/Fire      56%        2d7       1%          4

Your spell library contained the following spells:

 Spells                   Type           Power      Damage    Failure   Level
 Ignite Poison            Fire/Tmut/Pois 30%        N/A       3%          3
 Apportation              Tloc           20%        N/A       6%          1
 Necrotise                Necr           40%        1d6       6%          1
 Summon Small Mammal      Summ           40%        N/A       6%          1
 Sublimation of Blood     Necr           10%        N/A       10%         2
 Wereblood                Tmut           10%        N/A       10%         2
 Ignition                 Fire           32%        3d10      89%         8
 Summon Cactus Giant      Summ           5%         N/A       100%        6
 Summon Hydra             Summ           5%         N/A       100%        7


Dungeon Overview and Level Annotations

Branches:
Dungeon (12/15)            Temple (0/1) D:7            Lair (0/5) D:9
    Orc (0/2) D:11         Bailey (visited)           IceCv (1/1)

Altars:
Dithmenos
Elyvilon
Fedhas
Hepliaklqana
Makhleb
Nemelex Xobeh
Qazlal
Ru
Sif Muna
Trog
Uskayaw
Vehumet
Wu Jian

Annotations:
D:4 2 transporters, Darkkill's ghost, amateur MiHu


Innate Abilities, Weirdness & Mutations

You are a tree.
Your roots penetrate the ground, keeping you stationary.
You cannot be teleported.
You are immune to unholy pain and torment.
Your maximum health is greatly increased.
Your equipment is partially melded.
((You can breathe blasts of scalding, opaque steam.))
((Your pale cyan-grey scales are hard. (AC +8)))
You cannot fit into any form of body armour.
((You are cold-blooded and may be slowed by cold attacks.))
((You are immune to the effects of steam.))
You are frail. (-10% HP)
You expend magic power (3 MP) to strengthen your wands.


Message History

Confirm with . or Enter, or press ? or * to list all spells.
Flames lash the freezing wraith.
The freezing wraith is lightly damaged.
The freezing wraith's fire resistance burns away.
The freezing wraith hits you but does no damage. x3
The freezing wraith hits you. The freezing wraith drains your vigour!
You feel as though you will be slow longer.
It was a potion of attraction.
You feel attractive to monsters.
The freezing wraith is no longer more vulnerable to fire.
The freezing wraith hits you but does no damage. x2
It was a potion of might.
You feel very mighty all of a sudden.
The freezing wraith hits you but does no damage. x4
A three-headed hydra simulacrum comes into view.
The three-headed hydra simulacrum is attracted toward you.
It was a potion of mutation.
You feel extremely strange.
You feel stupid.
You feel frail.
You feel your magical essence link to the dungeon's wands.
You feel clever.
The freezing wraith hits you but does no damage. x2
You slash the freezing wraith!
The freezing wraith is heavily damaged.
The freezing wraith hits you but does no damage. x2
The three-headed hydra simulacrum bites you but does no damage. x2
The three-headed hydra simulacrum completely misses you.
You slash the freezing wraith!
The freezing wraith is severely damaged.
The freezing wraith hits you. The freezing wraith freezes you!
The freezing wraith hits you but does no damage.
The three-headed hydra simulacrum bites you.
The three-headed hydra simulacrum freezes you!
The three-headed hydra simulacrum bites you.
The three-headed hydra simulacrum freezes you!!
* * * LOW HITPOINT WARNING * * *
The three-headed hydra simulacrum bites you but does no damage.
The freezing wraith hits you.
* * * LOW HITPOINT WARNING * * *
The freezing wraith freezes you!!
You die...

##### ##...##
##.♣W..# #..Z#...#
#.. #..## #....
≈#≈## ##..# ...
≈≈≈≈≈## ##..## #
≈≈≈≈≈≈≈ ##...#
≈≈≈≈# ##....## #
#..## #..§...#
#####..####.....##


You could see a freezing wraith and a three-headed hydra simulacrum.

Vanquished Creatures
  Erolcha (D:10)
  A boulder beetle (D:12)
  9 death yaks
  3 two-headed ogres
  Maurice (D:8)
  A kobold demonologist (D:11)
  2 rime drakes (D:12)
  A freezing wraith (IceCv)
  A troll (D:10)
  A hornet (D:9)
  Prince Ribbit (D:9)
  4 slime creatures (D:11)
  4 shadows
  3 wraiths
  22 yaks
  A steam dragon (D:9)
  An acid dragon (D:8)
  3 ice beasts
  9 orc warriors
  A sky beast (D:5)
  3 ogres
  3 centaurs
  2 phantoms
  3 bullfrogs
  A cane toad simulacrum (IceCv)
  2 gnoll sergeants
  2 scorpions
  7 wights
  5 killer bees (D:11)
  3 troll zombies (D:11)
  4 elephant simulacra (IceCv)
  10 howler monkeys
  4 jellies
  6 hounds
  8 orc priests
  A sleepcap (D:8)
  A scorpion zombie (D:4)
  11 orc wizards
  A troll simulacrum (IceCv)
  2 polar bear simulacra (IceCv)
  A spriggan simulacrum (IceCv)
  2 wolf simulacra (IceCv)
  3 ogre zombies (D:11)
  16 gnolls
  A howler monkey skeleton (D:4)
  7 adders
  3 white imps
  2 ufetubi
  3 adder zombies (D:4)
  A worm (D:4)
  4 dart slugs
  45 orcs
  6 ball pythons
  13 endoplasms
  2 giant cockroaches (D:4)
  11 goblins
  5 hobgoblins
  7 jackals
  3 quokkas
  A bat (D:1)
  A goblin skeleton (D:11)
  A goblin zombie (D:11)
  A hobgoblin skeleton (D:11)
  2 hobgoblin zombies (D:11)
  25 kobolds
  3 orc skeletons (D:11)
  11 orc zombies (D:11)
  6 rats
  A butterfly (D:7)
336 creatures vanquished.

Vanquished Creatures (others)
  A quokka (D:7)
  5 foxfires (D:9)
6 creatures vanquished.

Grand Total: 342 creatures vanquished

Notes
Turn   | Place    | Note
-------+----------+-------------------------------------------
     0 | D:1      | suipiss the Draconian Cinder Acolyte began the quest for
                  | the Orb.
     0 | D:1      | Reached XP level 1. HP: 19/19 MP: 2/2
   244 | D:1      | Reached XP level 2. HP: 26/26 MP: 3/3
   264 | D:1      | Learned a level 2 spell: Scorch
   946 | D:2      | Found a blossoming altar of Fedhas.
  1040 | D:2      | Reached XP level 3. HP: 29/31 MP: 5/5
  1364 | D:2      | Identified the +7 dagger "Gaighioh" {drain, Int+3}
  1377 | D:2      | Reached XP level 4. HP: 6/40 MP: 1/6
  1870 | D:2      | Reached skill level 1 in Dodging
  1950 | D:2      | Found the +1 Delatra's gloves {ID++}
  2236 | D:2      | Reached XP level 5. HP: 20/46 MP: 0/7
  2426 | D:3      | Reached XP level 6. HP: 49/52 MP: 0/9
  2431 | D:3      | Reached skill level 4 in Fire Magic
  2872 | D:3      | Found a sacrificial altar of Ru.
  2919 | D:4      | Learned a level 4 spell: Flame Wave
  3414 | D:4      | Found a shimmering blue altar of Sif Muna.
  3416 | D:4      | You fall into a shaft and drop 2 floors!
  3416 | D:6      | Found a hazy altar of Hepliaklqana.
  3416 | D:6      | Found a hide-covered altar of Uskayaw.
  3416 | D:6      | Found a stormy altar of Qazlal.
  3422 | D:6      | Found a sparkling altar of Nemelex Xobeh.
  3429 | D:6      | Found a shadowy altar of Dithmenos.
  3456 | D:6      | Your scales start taking on a pale cyan-grey colour.
  3456 | D:6      | Reached skill level 5 in Fire Magic
  3456 | D:6      | Reached XP level 7. HP: 59/59 MP: 4/11
  3456 | D:6      | Gained mutation: You are immune to the effects of steam.
                  | [Pale Draconian growth]
  3521 | D:6      | Noticed a two-headed ogre
  3528 | D:6      | Killed a two-headed ogre
  3529 | D:6      | Reached skill level 5 in Long Blades
  3529 | D:6      | Reached skill level 6 in Fire Magic
  3529 | D:6      | Reached XP level 8. HP: 39/67 MP: 1/13
  3534 | D:6      | Learned a level 4 spell: Sticky Flame
  3656 | D:5      | Entered Level 5 of the Dungeon
  4087 | D:4      | Reached skill level 1 in Stealth
  4198 | D:4      | Found a transporter.
  4201 | D:4      | Found a transporter.
  4201 | D:4      | Noticed Darkkill's ghost (amateur MiHu)
  4202 | D:4      | Identified the +6 dire flail "Xozasoh" {venom, rF+ Will-
                  | Dex+4}
  4997 | D:5      | Reached skill level 7 in Fire Magic
  6448 | D:7      | Found a white marble altar of Elyvilon.
  6488 | D:7      | Found a staircase to the Ecumenical Temple.
  6495 | D:7      | Identified the ring of Intercession {rPois rF+ rC- Int+5
                  | Dex+6}
  6532 | D:7      | Found a radiant altar of Vehumet.
  6580 | D:7      | Reached skill level 8 in Fire Magic
  6580 | D:7      | Reached XP level 9. HP: 72/72 MP: 9/16
  6662 | D:7      | Reached skill level 5 in Spellcasting
  6952 | D:7      | Found a burning altar of Makhleb.
  7039 | D:8      | Found a flagged portal.
  7259 | D:8      | Noticed Maurice
  7274 | D:8      | Killed Maurice
  7275 | D:8      | Reached skill level 9 in Fire Magic
  7398 | Bailey   | Entered a bailey
  7450 | Bailey   | Reached skill level 5 in Fighting
  7757 | Bailey   | Reached XP level 10. HP: 69/81 MP: 12/19
  8227 | D:8      | Reached skill level 5 in Conjurations
  8376 | D:8      | Found a bloodstained altar of Trog.
  8795 | D:9      | Noticed Prince Ribbit
  8795 | D:9      | Noticed a two-headed ogre
  8902 | D:9      | Noticed a death yak
  8903 | D:9      | Found a staircase to the Lair.
  8903 | D:9      | Noticed a death yak
  8903 | D:9      | Noticed a death yak
  8903 | D:9      | Noticed a death yak
  8903 | D:9      | Noticed a death yak
  8922 | D:8      | Killed a death yak
  8923 | D:8      | Reached skill level 10 in Fire Magic
  9098 | D:9      | Noticed a death yak
  9098 | D:9      | Noticed a death yak
  9098 | D:9      | Noticed a death yak
  9099 | D:9      | Noticed a death yak
  9124 | D:8      | Killed a death yak
  9328 | D:9      | Killed a two-headed ogre
  9629 | D:9      | Killed Prince Ribbit
  9726 | D:9      | Found an ornate altar of the Wu Jian Council.
  9767 | D:9      | Reached skill level 11 in Fire Magic
  9851 | D:9      | Reached XP level 11. HP: 86/88 MP: 13/22
 10034 | D:9      | Noticed a two-headed ogre
 10041 | D:9      | Killed a two-headed ogre
 10173 | D:9      | Killed a death yak
 10423 | D:8      | Killed a death yak
 10699 | D:8      | Killed a death yak
 11132 | D:9      | Killed a death yak
 11433 | D:8      | Killed a death yak
 11434 | D:8      | Reached skill level 1 in Evocations
 11557 | D:9      | Killed a death yak
 11680 | D:9      | Killed a death yak
 12036 | D:10     | Entered Level 10 of the Dungeon
 12061 | D:10     | Reached skill level 12 in Fire Magic
 12062 | D:10     | Noticed Erolcha
 12087 | D:10     | Killed Erolcha
 12249 | D:10     | Identified the ring of Fatwiow {rPois rCorr Str+6 Int+4}
 12598 | D:10     | Identified the scarf of Ubecil {+Inv, Harm rCorr Str+6
                  | Slay-6}
 12815 | D:10     | Reached XP level 12. HP: 75/97 MP: 16/24
 12823 | D:10     | Reached skill level 5 in Dodging
 13788 | D:11     | Found a staircase to the Orcish Mines.
 14856 | D:12     | Noticed a boulder beetle
 14883 | D:12     | Killed a boulder beetle
 14988 | D:12     | Found a frozen archway.
 15041 | IceCv    | Entered an ice cave
 15432 | IceCv    | Gained mutation: You are dopey. (Int -2) [potion of
                  | mutation]
 15432 | IceCv    | Gained mutation: You are frail. (-10% HP) [potion of
                  | mutation]
 15432 | IceCv    | Gained mutation: You expend magic power (3 MP) to
                  | strengthen your wands. [potion of mutation]
 15432 | IceCv    | Lost mutation: You are dopey. (Int -2) [potion of mutation]
 15434 | IceCv    | Mangled by a freezing wraith

Illustrated notes

Levels and vault maps discovered:
D:1:      minmay_arrival_split_and_join, layout_basic, hex_large
D:2:      layout_basic, basic_altar, pf_guarded_unrand_delatra
D:3:      cheibrodos_fertilizer, layout_rooms, nicolae_ru_path_of_blood
D:4:      layout_loops_ring, tgw_sif, gammafunk_ghost_smash, serial_undead,
          serial_undead_b, serial_undead_e, serial_undead_f, serial_undead_d
D:5:      layout_layer_cave, kennysheep_generic_room_12
D:6:      layout_rooms, nicolae_overflow_hallway_of_the_gods,
          minmay_misc_feat_x, hellmonk_bongcloud_opening, roderic_lattice_a
D:7:      layout_rooms, lemuel_tele_altar, elyvilon_altar_4,
          vehumet_altar_wand_db, minmay_temple_entry_butterflies
D:8:      layout_gridville, mainiacjoe_overflow_alcove_4, enter_bailey_2,
          uniq_maurice
D:9:      layout_loops_cross, mainiacjoe_overflow_tiny_flanked,
          dpeg_lair_monsters, uniq_prince_ribbit1
D:10:     layout_loops_ring, uniq_erolcha
D:11:     layout_basic, zombieorc1_lemuel
D:12:     layout_roguey, portal_ice_cave_rime, chequers_serial_rivers_small_a,
          eino_small_chamber_without_monster, lemuel_old_faithful
IceCv:    ice_cave_small_necro

Skill      XL: |  1  2  3  4  5  6  7  8  9 10 11 12 |
---------------+-------------------------------------+-----
Long Blades    | 4 5 6 7 8 9 |  9.9
Dodging        | 1 2 3 4 5 |  5.3
Spellcasting   | 2 3 4 6 7 8 |  8.4
Fire Magic     | 5 6 8 9 11 12 | 12.9
Fighting       | 4 5 6 |  6.5
Conjurations   | 2 3 4 5 7 |  7.7
Stealth        | 1 2 3 |  3.4
Evocations     | 1 |  1.3

Action                     |  1- 3 |  4- 6 |  7- 9 | 10-12 || total
---------------------------+-------+-------+-------+-------++-------
  Melee: Falchion          |    81 |    43 |       |       ||   124
         Tailslap          |     5 |    14 |     8 |    46 ||    73
         Dagger            |       |   119 |   109 |    55 ||   283
         Punch             |       |     3 |     1 |     4 ||     8
         Scimitar          |       |       |       |   195 ||   195
  Throw: Throwing net      |       |       |     1 |       ||     1
   Cast: Scorch            |     4 |    23 |    30 |    81 ||   138
         Flame Wave        |       |       |    18 |    22 ||    40
         Sticky Flame      |       |       |     2 |    42 ||    44
 Invoke: Fiery Armour      |     1 |     1 |     3 |     1 ||     6
         Foxfire Swarm     |       |       |       |     1 ||     1
Ability: Breathe Steam     |       |       |     9 |    20 ||    29
  Evoke: Wand              |       |       |       |    11 ||    11
    Use: Potion            |       |     4 |     4 |    11 ||    19
         Scroll            |       |     1 |     1 |    15 ||    17
   Stab: Sleeping          |       |     1 |       |     1 ||     2
         Invisible         |       |       |       |     3 ||     3
         Distracted        |       |       |       |     2 ||     2
 Armour: Skin              |    29 |   132 |    56 |   130 ||   347
  Dodge: Dodged            |    56 |    85 |   119 |   206 ||   466
